Description

OV1: Straight to enemy entrance natural, check for drone to 3rd (hide on high ground, air space if queen walk out) OV2: Enemy other walk out path Lings to scout enemy wall OV3: Your entry routes OV4: Your entry routes OV5,6: Side space for mutas

No baneling nest-> Enemy ling pressure @28 Workers mass own lings or prepare wall Scout enemy 3rd with ling, compare with own drone count to see if all in or not.

Replay - 2025-10-08 - (Z)Lambo VS (Z)Jay

Build Order

Get SALT Encoding   

  12  0:00  Drone  
  13  0:08  Drone  
  14  0:14  Extractor Extractor Trick  
  14  0:15  Drone  
  15  0:35  Hatchery  
  14  0:40  Extractor, Drone Extractor Trick  
  15  0:47  Overlord  
  15  1:01  Spawning Pool  
  14  1:05  Drone x2  
  16  1:11  Drone x2  
  18  1:25  Extractor 3 Drones in Gas  
  18  1:27  Drone  
  18  1:38  Drone  
  19  1:48  Queen x2  
  26  2:01  Overlord  
  30  2:23  Queen  
  32  2:33  Lair  
  33  2:37  Overlord  
  43  3:12  Overlord  
  44  3:14  Evolution Chamber Entry of Natural  
  44  3:19  Extractor x3  
  44  3:24  Roach Warren Entry of Natural  
  41  3:32  Spire Directly after Lair  
  48  3:45  Overlord  
  49  3:55  Zerg Missile Weapons Level 1 Stop Drones at 45 Workers  
  52  4:05  Roach x3  
  58  4:18  Roach x3  
  64  4:43  Mutalisk x4  
  71  4:58  Mutalisk Make at least 5 Mutas to one shot drones and scout  
  73  5:03  Hatchery Escort Out with Roaches, Drone to 66  
  78  5:07  Glial Reconstitution  
  80  5:18  Roach x2 Only 5 Mutas to harass, rest roaches as needed, otherwise drones  
  80  5:20  Overseer  
  84  5:28  Evolution Chamber  
  84  5:32  Roach x2  
  97  6:05  Zerg Missile Weapons Level 2  
  97  6:06  Zerg Ground Armor Level 1  
  97  6:08  Extractor  
  121  6:33  Extractor  
  127  7:00  Ravager x4  
  139  7:07  Ravager x2  
  145  7:09  Hatchery Max out with roache/Ravager, attack upgrades done  
  170  7:46  Ravager x3  
  193  8:05  Ravager  
Spawning Tool Build Advisor. Get it on Overwolf

Go to:

Details

  • Created by: verthimax
  • Published on: Jan 19, 2026
  • Modified on: Jan 19, 2026
  • Patch: 5.0.11
  • Difficulty: Easy
Show
View Real Time Build Order
Export as new Build Order

Comments (1)

On May 17, 2026, 9:15 a.m., mannylujan97@gmail.com  said:

I've been using the SALT mod to do these build orders but it doesn't include the drone/all of the overlord build times. is there a way to add them in within the game?

Create an account to comment!